 Dungeon Crawl Stone Soup version 0.31-a0-185-g9dded2c639 (webtiles) character file.

Game seed: 14385847731405945909

123 qw the Skirmisher (level 4, 0/25 HPs)
             Began as a Deep Elf Hunter on June 22, 2023.
             Slain by a hound zombie (2 damage)
             ... on level 3 of the Dungeon.
             The game lasted 00:00:39 (1436 turns).

qw the Skirmisher (Deep Elf Hunter)                 Turns: 1436, Time: 00:00:40

Health: 0/25       AC:  3    Str: 10      XL:     4   Next: 80%
Magic:  6/6        EV: 12    Int: 11 (14) God:
Gold:   103        SH:  0    Dex: 15 (18) Spells: 3/3 levels left

rFire   . . .        Y - +0 shortbow
rCold   . . .        (shield currently unavailable)
rNeg    . . .        c - +0 leather armour
rPois   .            (no helmet)
rElec   .            (no cloak)
rCorr   .            (no gloves)
SInv    .            (no boots)
Will    .....        (no amulet)
Stlth   ++           (no ring)
HPRegen 0.24/turn    (no ring)
MPRegen 0.10/turn

%: no passive effects
@: no status effects
A: no striking features
a: no special abilities


You were on level 3 of the Dungeon.
You visited 1 branch of the dungeon, and saw 3 of its levels.

You collected 103 gold pieces.


   Skills:
 - Level 1.5 Fighting
 + Level 8.2 Ranged Weapons
 - Level 2.4 Dodging
 - Level 1.2 Stealth


You had 3 spell levels left.
You didn't know any spells.
Your spell library was empty.

Inventory:

Hand Weapons
 Y - a +0 shortbow (weapon)
Armour
 c - a +0 leather armour (worn)
Potions
 a - a potion of enlightenment {unknown}
 b - a potion of heal wounds {unknown}
 d - a potion of haste {unknown}
 e - a potion of might {unknown}
 f - a potion of magic {unknown}

Dungeon Overview and Level Annotations

Branches:
Dungeon (3/15)

Altars:

Annotations:
D:2 Natasha


Message History

The hound zombie bites you. The scorpion zombie hits you.
You shoot an arrow. The arrow hits the scorpion zombie.
The scorpion zombie is almost destroyed.
The hound zombie bites you. The scorpion zombie hits you.
The hound zombie bites you but does no damage.
You shoot an arrow.
The arrow hits the scorpion zombie but does no damage.
The scorpion zombie is almost destroyed.
The hound zombie misses you.
The scorpion zombie hits you but does no damage.
You shoot an arrow. The arrow hits the scorpion zombie.
The scorpion zombie is almost destroyed.
The hound zombie misses you. The scorpion zombie barely misses you.
The hound zombie bites you.
You shoot an arrow.
The arrow barely misses the scorpion zombie.
The scorpion zombie hits you. The hound zombie barely misses you.
You shoot an arrow.
The arrow hits the scorpion zombie but does no damage.
The scorpion zombie is almost destroyed.
The scorpion zombie hits you. The hound zombie barely misses you.
You shoot an arrow.
The arrow completely misses the scorpion zombie.
The hound zombie bites you. The scorpion zombie barely misses you.
The hound zombie misses you.
You shoot an arrow. The arrow hits the scorpion zombie!
You destroy the scorpion zombie!
The hound zombie bites you.
You feel your strength returning.
Your Ranged Weapons skill increases to level 8!
You shoot an arrow.
The arrow hits the hound zombie but does no damage.
The hound zombie misses you.
You shoot an arrow.
The arrow barely misses the hound zombie.
The hound zombie barely misses you. The hound zombie closely misses you.
You shoot an arrow. The arrow hits the hound zombie.
The hound zombie is lightly damaged.
The hound zombie bites you.
You die...

.#.~ ~~.# .7 .#.P 7~P#
#. 7. ..P~ 77~P# #. 7..
..~~77777~~P# #. ..7.
..~~~~P7P~PP##. .....
..PP~P~P~..#.## #.....
####PPP~.##.#..###..$...
......P~##....#.#.......
#####.......>...@Z.)....
#..###....#.........
#..# ##.#.##........
#####..# #.#.###.....#.
.....### ##### #...##
#.#..# ..## #.### ...<
#.# #### #.#


7 You could see a hound zombie.

Vanquished Creatures
  Natasha (D:2)
  A scorpion zombie (D:3)
  2 adders
  2 dart slugs
  10 endoplasms
  5 goblins
  5 hobgoblins
  4 jackals (D:1)
  5 kobolds
  8 ball pythons
  4 bats (D:1)
  2 frilled lizards (D:1)
  2 rats
51 creatures vanquished.

Notes
Turn   | Place    | Note
-------+----------+-------------------------------------------
     0 | D:1      | qw the Deep Elf Hunter began the quest for the Orb.
     0 | D:1      | Reached XP level 1. HP: 12/12 MP: 3/3
     0 | D:1      | 0 ||| qw: Version: 0.3-a-9-g12657ce
     0 | D:1      | 0 ||| qw: Game counter: 1898
     0 | D:1      | 0 ||| qw: Always use a shield: true
     0 | D:1      | 0 ||| qw: God list: Okawaru
     0 | D:1      | 0 ||| qw: Allow faded altars: false
     0 | D:1      | 0 ||| qw: Do Orc after D:15 true
     0 | D:1      | 0 ||| qw: Do second Lair branch before Depths: true
     0 | D:1      | 0 ||| qw: Lair rune preference: random
     0 | D:1      | 0 ||| qw: Plans: Normal
     0 | D:1      | 0 ||| PLANNING D:1-11
    84 | D:1      | 84 ||| DROPPING scroll of butterflies.
    92 | D:1      | Reached XP level 2. HP: 11/16 MP: 4/4
    94 | D:1      | Reached skill level 6 in Ranged Weapons
   634 | D:1      | Reached XP level 3. HP: 20/20 MP: 5/5
   786 | D:1      | 786 ||| READING scroll labelled CIMEABB UL GOLO.
   833 | D:2      | Reached skill level 7 in Ranged Weapons
  1038 | D:2      | Noticed Natasha
  1047 | D:2      | Killed Natasha
  1048 | D:2      | Reached XP level 4. HP: 10/25 MP: 6/6
  1157 | D:2      | Found a faded altar of an unknown god.
  1233 | D:2      | Noticed Natasha
  1330 | D:2      | 1330 ||| READING scroll labelled JULYCOLYCW.
  1331 | D:2      | 1331 ||| READING scroll labelled BIPHIM IPABUI.
  1336 | D:2      | 1336 ||| DRINKING 2 coppery potions.
  1337 | D:2      | 1337 ||| DROPPING potion of degeneration.
  1430 | D:3      | HP: 5/25 [scorpion zombie (3)]
  1433 | D:3      | HP: 1/25 [hound zombie (2)]
  1434 | D:3      | Reached skill level 8 in Ranged Weapons
  1436 | D:3      | Slain by a hound zombie

Levels and vault maps discovered:
D:1:      evilmike_arrival_home_sweet_home, layout_basic,
          nicolae_concentric_dashed_squares_wild,
          chequers_serial_rivers_small_3, hangedman_decor_push,
          minmay_misc_feat_x
D:2:      layout_rooms, hellmonk_ecumenical_altar_pennies_from_heaven,
          uniq_natasha
D:3:      layout_loops_ring, nicolae_yredelemnul_corpse_copse,
          dreamdust_princess_bridge, serial_bayou_pond_c, supply_closet_lemuel,
          kennysheep_cluttered_room, uniq_terence, uniq_crazy_yiuf_cottage

Skill      XL: |  1  2  3  4 |
---------------+-------------+-----
Ranged Weapons | 6 7 8 |  8.2
Fighting       | |  1.5
Dodging        | |  2.4
Stealth        | |  1.2

Action                     |  1- 3 |  4- 6 || total
---------------------------+-------+-------++-------
   Fire: Shortbow          |    94 |    40 ||   134
    Use: Scroll            |     1 |     2 ||     3
         Potion            |       |     1 ||     1
 Armour: Leather armour    |     5 |     6 ||    11
  Dodge: Dodged            |    16 |    16 ||    32

Table legend:
 A = Non-vault XP
 B = Vault XP
 C = Vault XP percentage of total XP
 D = Non-vault monster count
 E = Vault monster count
 F = Vault count percentage of total count
                 A         B        C        D         E       F
            +---------+---------+-------+---------+---------+-------
      Total |     109 |      68 |  38.4 |      49 |       2 |   3.9
            +---------+---------+-------+---------+---------+-------
        D:1 |      55 |       0 |   0.0 |      31 |       0 |   0.0
        D:2 |      37 |      35 |  48.6 |      15 |       1 |   6.2
        D:3 |      17 |      33 |  66.0 |       3 |       1 |  25.0
            +---------+---------+-------+---------+---------+-------
